IL
NEW ORLEANS ZEPHYRS @ IOWA CUBS
07/12/2044
 
TOP OF THE 1ST
New Orleans Zephyrs batting - Pitching for Iowa Cubs : RHP Chris Allen
Pitching: RHP Chris Allen
Pinch Hitting: RHB Gavin Helton 0-0: Ball
1-0: Ball
2-0: Ground out 6-3 (Groundball, 6S, EV 84.4 MPH)
Batting: SHB Ramon Martinez 0-0: Ground out 4-3 (Groundball, 4, EV 80.0 MPH)
Batting: RHB Omar Contreras 0-0: Called Strike
0-1: Ball
1-1: Ball
2-1: Foul Ball, location: 2F
2-2: Ball
3-2: Base on Balls
Batting: RHB Alex Gomez 0-0: Fly out, F3 (Line Drive, 3, EV 70.6 MPH)
Top of the 1st over - 0 runs, 0 hits, 0 errors, 1 left on base; New Orleans 0 - Iowa 0
BOTTOM OF THE 1ST
Iowa Cubs batting - Pitching for New Orleans Zephyrs : RHP Chris Funderburg
Pitching: RHP Chris Funderburg
Now at 3B: Gavin Helton
Batting: LHB Barend van der Kamp 0-0: Ball
1-0: Swinging Strike
1-1: Ball
2-1: Swinging Strike
2-2: Fly out, F8 (Line Drive, 8RM, EV 101.9 MPH)
Batting: LHB Paul Perry 0-0: Called Strike
0-1: Ball
1-1: Swinging Strike
1-2: Fly out, F7 (Flyball, 78D, EV 101.9 MPH)
Batting: SHB Seung-ho Zhang 0-0: Called Strike
0-1: Ground out 3-1 (Groundball, 34, EV 85.6 MPH)
Bottom of the 1st over - 0 runs, 0 hits, 0 errors, 0 left on base; New Orleans 0 - Iowa 0
TOP OF THE 2ND
New Orleans Zephyrs batting - Pitching for Iowa Cubs : RHP Chris Allen
Batting: RHB Jesus Castillo 0-0: Ball
1-0: Foul Ball, location: 2F
1-1: Called Strike
1-2: Strikes out looking
Batting: LHB Gustavo Patella 0-0: Swinging Strike
0-1: Ground out 4-3 (Groundball, 4, EV 95.6 MPH)
Batting: RHB Kyle Ashton 0-0: Ball
1-0: Ball
2-0: Ball
3-0: Called Strike
3-1: Base on Balls
Batting: RHB Humberto Oros 0-0: Ground out 6-3 (Groundball, P, EV 83.1 MPH)
Top of the 2nd over - 0 runs, 0 hits, 0 errors, 1 left on base; New Orleans 0 - Iowa 0
BOTTOM OF THE 2ND
Iowa Cubs batting - Pitching for New Orleans Zephyrs : RHP Chris Funderburg
Batting: RHB Butch Koglin 0-0: Called Strike
0-1: Ball
1-1: Foul Ball, location: 2F
1-2: Foul Ball, location: 2F
1-2: SOLO HOME RUN (Flyball, 7LD, EV 101.3 MPH) (Inside the Park)
Batting: SHB Nick Chandler 0-0: Ball
1-0: Ball
2-0: Foul Ball, location: 2F
2-1: Ball
3-1: SINGLE (Groundball, 4D, EV 102.5 MPH)
Batting: SHB Gerardo Flores 0-0: Called Strike
0-1: Ball
1-1: Called Strike
1-2: Ball
2-2: Ball
3-2: Grounds into double play, 4-6-3 (Groundball, 4, EV 83.1 MPH)
Batting: LHB Rich Atterberry 0-0: Swinging Strike
0-1: Ball
1-1: Ball
2-1: Ball
3-1: DOUBLE (Line Drive, 89XD, EV 100.6 MPH)
Batting: RHB Shintaro Katsumata 0-0: Ball
1-0: Foul Ball, location: 2F
1-1: Ball
2-1: Ball
3-1: Ground out 5-3 (Groundball, 25, EV 88.8 MPH)
Bottom of the 2nd over - 1 run, 3 hits, 0 errors, 1 left on base; New Orleans 0 - Iowa 1
TOP OF THE 3RD
New Orleans Zephyrs batting - Pitching for Iowa Cubs : RHP Chris Allen
Batting: RHB Katsutaka Inouye 0-0: Called Strike
0-1: Ball
1-1: Ball
2-1: Foul Ball, location: 2F
2-2: Ball
3-2: Foul Ball, location: 2F
3-2: Ground out 4-3 (Groundball, 4, EV 86.3 MPH)
Batting: RHB Gavin Helton 0-0: Called Strike
0-1: Foul Ball, location: 2F
0-2: Ball
1-2: Fly out, F8 (Line Drive, 8LM, EV 91.9 MPH)
Batting: SHB Ramon Martinez 0-0: Ball
1-0: Ball
2-0: Ball
3-0: Called Strike
3-1: Called Strike
3-2: Foul Ball, location: 2F
3-2: Foul Ball, location: 2F
3-2: Base on Balls
Batting: RHB Omar Contreras 0-0: Ball
Ramon Martinez is caught stealing 2nd base 2-4
Top of the 3rd over - 0 runs, 0 hits, 0 errors, 0 left on base; New Orleans 0 - Iowa 1
BOTTOM OF THE 3RD
Iowa Cubs batting - Pitching for New Orleans Zephyrs : RHP Chris Funderburg
Batting: LHB Jose Mojica 0-0: Ball
1-0: Ball
2-0: Called Strike
2-1: Ball
3-1: Foul Ball, location: 2F
3-2: Foul Ball, location: 2F
3-2: Foul Ball, location: 2F
3-2: Foul Ball, location: 2F
3-2: Ground out 4-3 (Groundball, 4M, EV 82.5 MPH)
Batting: LHB Barend van der Kamp 0-0: Ball
1-0: Ground out 5-3 (Groundball, 56, EV 101.3 MPH)
Batting: LHB Paul Perry 0-0: Ball
1-0: Called Strike
1-1: Foul Ball, location: 2F
1-2: Ground out 3-1 (Groundball, 13, EV 84.4 MPH)
Bottom of the 3rd over - 0 runs, 0 hits, 0 errors, 0 left on base; New Orleans 0 - Iowa 1
TOP OF THE 4TH
New Orleans Zephyrs batting - Pitching for Iowa Cubs : RHP Chris Allen
Batting: RHB Omar Contreras 0-0: Swinging Strike
0-1: Foul Ball, location: 2F
0-2: Ball
1-2: SINGLE (Groundball, 25, EV 73.1 MPH) (infield hit)
Batting: RHB Alex Gomez 0-0: Called Strike
0-1: Ground out 4-3 (Groundball, 4S, EV 71.9 MPH)
Omar Contreras to second
Batting: RHB Jesus Castillo 0-0: Ball
1-0: Ball
2-0: Ball
3-0: Called Strike
3-1: Base on Balls
Batting: LHB Gustavo Patella 0-0: Foul Ball, location: 2F
0-1: Ball
1-1: Ball
2-1: Ball
3-1: Foul Ball, location: 2F
3-2: Base on Balls
Omar Contreras to third
Jesus Castillo to second
Pitching: RHP Mike Richardson
Pinch Hitting: LHB Adrian Young 0-0: Ball
1-0: Foul Ball, location: 2F
1-1: Ball
2-1: Foul Ball, location: 2F
2-2: Strikes out swinging
Batting: RHB Humberto Oros 0-0: Foul Ball, location: 2F
0-1: Ball
1-1: Ball
2-1: Fly out, F9 (Flyball, 89M, EV 89.4 MPH)
Top of the 4th over - 0 runs, 1 hit, 0 errors, 3 left on base; New Orleans 0 - Iowa 1
BOTTOM OF THE 4TH
Iowa Cubs batting - Pitching for New Orleans Zephyrs : RHP Chris Funderburg
Now in LF: Adrian Young
Now in CF: Jesus Castillo
Batting: SHB Seung-ho Zhang 0-0: Ball
1-0: SINGLE (Groundball, 6MS, EV 65.6 MPH) (infield hit)
Batting: RHB Butch Koglin 0-0: Ball
1-0: Foul Ball, location: 2F
1-1: Ball
2-1: Ball
3-1: Called Strike
3-2: DOUBLE (Line Drive, 5D, EV 101.9 MPH)
Seung-ho Zhang to third
Seung-ho Zhang scores
Batting: SHB Nick Chandler 0-0: Ball
1-0: Ball
2-0: Ball
3-0: Called Strike
3-1: Base on Balls
Batting: SHB Gerardo Flores 0-0: Grounds into double play, 4-6-3 (Groundball, 4, EV 111.3 MPH)
Butch Koglin to third
Batting: LHB Rich Atterberry 0-0: Ball
1-0: Ball
2-0: Ball
3-0: Base on Balls
Batting: RHB Shintaro Katsumata 0-0: Ball
1-0: Called Strike
1-1: SINGLE (Groundball, 56D, EV 103.8 MPH)
Butch Koglin scores
Rich Atterberry to second
Batting: LHB Jose Mojica 0-0: Ground out 3-1 (Groundball, 34S, EV 78.8 MPH)
Bottom of the 4th over - 2 runs, 3 hits, 0 errors, 2 left on base; New Orleans 0 - Iowa 3
TOP OF THE 5TH
New Orleans Zephyrs batting - Pitching for Iowa Cubs : RHP Mike Richardson
Batting: RHB Katsutaka Inouye 0-0: Ball
1-0: Ball
2-0: Ball
3-0: Base on Balls
Batting: RHB Gavin Helton Pickoff Throw to First - Out! 1-3
0-0: Called Strike
0-1: Ball
1-1: Ball
2-1: Foul Ball, location: 2F
2-2: Ball
3-2: Strikes out looking
Batting: SHB Ramon Martinez 0-0: Ball
1-0: Ball
2-0: Foul Ball, location: 2F
2-1: SINGLE (Groundball, 34D, EV 103.1 MPH)
Batting: RHB Omar Contreras 0-0: Ball
Ramon Martinez steals 2nd base
1-0: Called Strike
1-1: Ball
2-1: Ball
3-1: Foul Ball, location: 2F
3-2: DOUBLE (Flyball, 89XD, EV 112.5 MPH)
Ramon Martinez scores
Batting: RHB Alex Gomez 0-0: Called Strike
0-1: Called Strike
0-2: Strikes out swinging
Top of the 5th over - 1 run, 2 hits, 0 errors, 1 left on base; New Orleans 1 - Iowa 3
BOTTOM OF THE 5TH
Iowa Cubs batting - Pitching for New Orleans Zephyrs : RHP Chris Funderburg
Batting: LHB Barend van der Kamp 0-0: Called Strike
0-1: Ball
1-1: SINGLE (Line Drive, 78S, EV 95.0 MPH)
Batting: LHB Paul Perry 0-0: Ball
1-0: Called Strike
1-1: Ball
2-1: Ball
3-1: Foul Ball, location: 2F
3-2: Fielders Choice at 2nd, 1-6 (Groundball, 13S, EV 68.1 MPH)
Pitching: RHP Mike Myers
Batting: SHB Seung-ho Zhang 0-0: Foul Ball, location: 2F
0-1: Ball
1-1: Foul Ball, location: 2F
1-2: SINGLE (Groundball, 4MD, EV 95.6 MPH)
Paul Perry to second
Batting: RHB Butch Koglin 0-0: Fly out, F8 (Line Drive, 8RD, EV 92.5 MPH)
Batting: SHB Nick Chandler 0-0: Ball
1-0: Ball
2-0: Fly out, F8 (Flyball, 89XD, EV 101.3 MPH)
Bottom of the 5th over - 0 runs, 2 hits, 0 errors, 2 left on base; New Orleans 1 - Iowa 3
TOP OF THE 6TH
New Orleans Zephyrs batting - Pitching for Iowa Cubs : RHP Mike Richardson
Batting: RHB Jesus Castillo 0-0: Ball
1-0: Called Strike
1-1: Ball
2-1: Ball
3-1: Base on Balls
Batting: LHB Gustavo Patella 0-0: Ball
1-0: Swinging Strike
1-1: Called Strike
1-2: Grounds into double play, 4-6-3 (Groundball, 4, EV 101.9 MPH)
Batting: LHB Adrian Young 0-0: Ball
1-0: Called Strike
1-1: Ball
2-1: Foul Ball, location: 2F
2-2: Ground out 4-3 (Groundball, 4D, EV 90.6 MPH)
Top of the 6th over - 0 runs, 0 hits, 0 errors, 0 left on base; New Orleans 1 - Iowa 3
BOTTOM OF THE 6TH
Iowa Cubs batting - Pitching for New Orleans Zephyrs : RHP Mike Myers
Batting: SHB Gerardo Flores 0-0: Called Strike
0-1: Ball
1-1: Ball
2-1: Ball
3-1: Foul Ball, location: 2F
3-2: Base on Balls
Batting: LHB Rich Atterberry 0-0: Foul Ball, location: 2F
0-1: Called Strike
0-2: Fly out, F7 (Flyball, 7LD, EV 86.3 MPH)
Batting: RHB Shintaro Katsumata 0-0: Called Strike
0-1: Ball
1-1: Ball
2-1: Grounds into double play, 4-6-3 (Groundball, 4S, EV 80.0 MPH)
Bottom of the 6th over - 0 runs, 0 hits, 0 errors, 0 left on base; New Orleans 1 - Iowa 3
TOP OF THE 7TH
New Orleans Zephyrs batting - Pitching for Iowa Cubs : RHP Mike Richardson
Pitching: RHP Pat Stone
Batting: RHB Humberto Oros 0-0: Ball
1-0: Fly out, F5 (Line Drive, 5, EV 68.1 MPH)
Batting: RHB Katsutaka Inouye 0-0: Foul Ball, location: 2F
0-1: Called Strike
0-2: Ball
1-2: Ball
2-2: Ground out 6-3 (Groundball, 6, EV 80.6 MPH)
Batting: RHB Gavin Helton 0-0: Ground out 6-3 (Groundball, 6, EV 87.5 MPH)
Top of the 7th over - 0 runs, 0 hits, 0 errors, 0 left on base; New Orleans 1 - Iowa 3
BOTTOM OF THE 7TH
Iowa Cubs batting - Pitching for New Orleans Zephyrs : RHP Mike Myers
Pitching: LHP Oscar Patron
Batting: LHB Jose Mojica 0-0: Called Strike
0-1: Ball
1-1: Ground out 3-1 (Groundball, 34, EV 100.0 MPH)
Batting: LHB Barend van der Kamp 0-0: Called Strike
0-1: Ground out 5-3 (Groundball, 5, EV 88.1 MPH)
Batting: LHB Paul Perry 0-0: Called Strike
0-1: Ball
1-1: Swinging Strike
1-2: Fly out, F7 (Flyball, 7, EV 86.3 MPH)
Bottom of the 7th over - 0 runs, 0 hits, 0 errors, 0 left on base; New Orleans 1 - Iowa 3
TOP OF THE 8TH
New Orleans Zephyrs batting - Pitching for Iowa Cubs : RHP Pat Stone
Batting: SHB Ramon Martinez 0-0: SINGLE (Groundball, 4D, EV 103.8 MPH)
Batting: RHB Omar Contreras 0-0: Ball
1-0: Ball
2-0: Ball
3-0: Fly out, F8 (Line Drive, 8RM, EV 92.5 MPH)
Batting: RHB Alex Gomez 0-0: Called Strike
0-1: Ball
1-1: Ball
2-1: Foul Ball, location: 2F
2-2: Ball
3-2: Hit by Pitch
Ramon Martinez to second
Pinch Hitting: RHB Greg Herzig 0-0: Foul Ball, location: 2F
0-1: Ball
1-1: Foul Ball, location: 2F
1-2: Ball
2-2: Fielders Choice at 2nd, 1-6 (Groundball, 13S, EV 71.9 MPH)
Ramon Martinez to third
Batting: LHB Gustavo Patella 0-0: Ball
1-0: Ball
2-0: Ball
3-0: Base on Balls
Greg Herzig to second
Batting: LHB Adrian Young 0-0: Foul Ball, location: 2F
0-1: Swinging Strike
0-2: Ball
1-2: Foul Ball, location: 2F
1-2: Fly out, F6 (Flyball, 56D, EV 86.9 MPH)
Top of the 8th over - 0 runs, 1 hit, 0 errors, 3 left on base; New Orleans 1 - Iowa 3
BOTTOM OF THE 8TH
Iowa Cubs batting - Pitching for New Orleans Zephyrs : LHP Oscar Patron
Now in CF: Gebre-Giorgios Tikolo
Batting: SHB Seung-ho Zhang 0-0: Called Strike
0-1: Foul Ball, location: 2F
0-2: Ball
1-2: Ball
2-2: Ball
3-2: Base on Balls
Batting: RHB Butch Koglin 0-0: Ball
1-0: Ball
2-0: Ball
3-0: Called Strike
3-1: Fly out, F9 (Flyball, 9S, EV 96.3 MPH)
Batting: SHB Nick Chandler 0-0: Ball
1-0: Called Strike
1-1: Ball
Seung-ho Zhang steals 2nd base
2-1: Foul Ball, location: 2F
2-2: SINGLE (Flyball, 8RS, EV 74.4 MPH)
Seung-ho Zhang to third
Batting: SHB Gerardo Flores 0-0: Ball
1-0: Foul Ball, location: 2F
1-1: Ball
2-1: Foul Ball, location: 2F
2-2: Ground out 4-3 (Groundball, 6, EV 89.4 MPH)
Nick Chandler to second
Batting: LHB Rich Atterberry 0-0: Called Strike
0-1: Ball
1-1: Ball
2-1: Called Strike
2-2: Strikes out swinging
Bottom of the 8th over - 0 runs, 1 hit, 0 errors, 2 left on base; New Orleans 1 - Iowa 3
TOP OF THE 9TH
New Orleans Zephyrs batting - Pitching for Iowa Cubs : RHP Pat Stone
Pitching: LHP Shane Stratton
Now at 1B: Bobby Adams
Batting: RHB Humberto Oros 0-0: Ball
1-0: Foul Ball, location: 2F
1-1: Fly out, F3 (Popup, 34, EV 81.3 MPH)
Batting: RHB Katsutaka Inouye 0-0: Called Strike
0-1: Ground out 6-3 (Groundball, 6, EV 82.5 MPH)
Batting: RHB Gavin Helton 0-0: Called Strike
0-1: Reached on error, E3 (Groundball, 34, EV 85.0 MPH)
Batting: SHB Ramon Martinez 0-0: Called Strike
0-1: Foul Ball, location: 2F
0-2: Strikes out swinging
Top of the 9th over - 0 runs, 0 hits, 1 error, 1 left on base; New Orleans 1 - Iowa 3
Thursday, March 31st , 2022 - OOTP Baseball 22.12 Build 89